 Dungeon Crawl Stone Soup version 0.31.0-12-g77e489cdc1 (webtiles) character file.

Game seed: 13013847677172219191

4149 cdecastro the Grappler (level 10, -9/75 HPs)
             Began as a Black Draconian Shapeshifter on Feb 17, 2024.
             Was a Follower of Yredelemnul.
             Killed by divine providence
             ... invoked by an orc priest
              (11 damage)
             ... on level 8 of the Dungeon.
             The game lasted 00:14:58 (7060 turns).

cdecastro the Grappler (DrSh)                       Turns: 7060, Time: 00:14:58

Health: -9/75      AC:  7    Str: 18    XL:     10   Next: 7%
Magic:  10/10      EV: 16    Int: 10    God:    Yredelemnul [*.....]
Gold:   527        SH:  0    Dex: 14    Spells: 9/9 levels left

rFire   . .          .
                       - Unarmed
rCold   + . .        (shield currently unavailable)
rNeg    . . .        (body armour unavailable)
rPois   .            (helmet restricted)
rElec   +            (no cloak)
rCorr   +            (no gloves)
SInv    .            (no boots)
Will    .....        e - amulet of faith
Stlth   +            j - ring of protection from cold
HPRegen 0.32/turn    o - ring of resist corrosion
MPRegen 0.12/turn

%: faith
@: flux-form, glowing, studying Throwing
A: glow, contaminating, breathe lightning, AC +7, unfitting armour, electricity
resistance, cold-blooded
a: Breathe Lightning, Begin Untransformation, Renounce Religion, Recall Undead
Harvest


You were on level 8 of the Dungeon.
You worshipped Yredelemnul.
Yredelemnul was noncommittal.
You were something dangerously unstable.
You visited 2 branches of the dungeon, and saw 9 of its levels.

You collected 527 gold pieces.

Inventory:

Armour
 y - a +0 pair of boots
 A - a +0 pair of boots
Magical Staves
 u - a staff of cold
Jewellery
 e - an amulet of faith (around neck)
 j - a ring of protection from cold (left hand)
 k - a +6 ring of intelligence
 o - a ring of resist corrosion (right hand)
Talismans
 b - a beast talisman
 c - a flux talisman (active)
 w - a serpent talisman
Wands
 p - a wand of iceblast (9)
 z - a wand of flame (35)
 D - a wand of paralysis (7)
Scrolls
 d - 2 scrolls of enchant weapon {unknown}
 f - 2 scrolls of identify
 g - 2 scrolls of noise {unknown}
 h - a scroll of fog {unknown}
 i - a scroll of revelation {unknown}
 l - a scroll of poison {unknown}
 m - 2 scrolls of amnesia {unknown}
 r - a scroll of vulnerability {unknown}
 t - a scroll of fear {unknown}
 v - a scroll of immolation {unknown}
Potions
 a - a potion of attraction {unknown}
 n - a potion of degeneration
 q - a potion of cancellation
 s - a potion of invisibility {unknown}
 x - 2 potions of curing
 B - a potion of might
 C - a potion of haste {unknown}


   Skills:
 * Level 2.8 Fighting
 - Level 1.7 Dodging
 - Level 12.0 Unarmed Combat
 + Level 8.4 Shapeshifting


You had 9 spell levels left.
You didn't know any spells.
Your spell library contained the following spells:

 Spells                   Type           Power      Damage    Failure   Level
 Ensorcelled Hibernation  Hex/Ice        0%         N/A       50%         2
 Jinxbite                 Hex            0%         N/A       50%         2
 Lesser Beckoning         Tloc           0%         N/A       50%         2
 Gell's Gravitas          Tloc           0%         N/A       75%         3
 Passwall                 Erth           0%         N/A       75%         3
 Swiftness                Air            0%         N/A       75%         3
 Teleport Other           Tloc           0%         N/A       75%         3
 Yara's Violent Unravell  Hex/Alch       0%         3d3       100%        5
 Enfeeble                 Hex            0%         N/A       100%        7


Dungeon Overview and Level Annotations

Branches:
Dungeon (8/15)             Temple (1/1) D:4
   Lair: D:8-11

Altars:
Ashenzari
Cheibriados
Dithmenos
Elyvilon
Fedhas
Hepliaklqana
Kikubaaqudgha
Makhleb
Nemelex Xobeh
Okawaru
Qazlal
Ru
Sif Muna
Trog
Uskayaw
Vehumet
Wu Jian
Yredelemnul
The Shining One

Shops:
D:5 [

Annotations:
D:3 3 runed translucent doors, Crazy Yiuf; hawla's ghost, amateur MiFi
D:5 3 runed translucent doors, Edmund; misterblockey's ghost, novice DjCj


Innate Abilities, Weirdness & Mutations

You are something dangerously unstable.
You glow with magical radiation, making you easy to see and hit.
Foes you strike become dangerously contaminated with magical radiation.
You are incapable of wielding weapons or throwing items.
You can breathe wild blasts of lightning.
Your glossy black scales are hard. (AC +7)
You cannot fit into any form of body armour.
You are resistant to electric shocks. (rElec)
You are cold-blooded and may be slowed by cold attacks.


Message History

You hit the orc warrior.
The orc warrior shudders as magic cascades through it.
The orc warrior twists and deforms.
The orc warrior is moderately wounded.
The orc warrior closely misses you.
You hit the orc warrior.
The orc warrior begins to glow.
You tail-slap the orc warrior.
The orc warrior is heavily wounded.
Your orc wizard zombie hits the orc.
The orc warrior barely misses you.
You punch the orc warrior!
The orc warrior glows dangerously bright.
The orc warrior is almost dead.
You completely miss the orc warrior.
The orc warrior is almost dead.
Your orc wizard zombie closely misses the orc.
The orc warrior hits you with a +0 flail!
* * * LOW HITPOINT WARNING * * *
Unknown command.
You hit the orc warrior.
You kill the orc warrior!
The orc priest calls upon Beogh to heal the orc.
The orc's wounds heal themselves!
Your orc wizard zombie completely misses the orc priest.
You punch the orc!
You kill the orc!
The dead are walking!
You swap places.
The orc priest calls down the wrath of Beogh upon you.
Beogh smites you!
* * * LOW HITPOINT WARNING * * *
The orc priest hits your orc zombie with a +0 hand axe.
The orc priest hits something with a +0 hand axe.
The orc priest hits your orc zombie with a +0 flail!
Your orc zombie is destroyed!
Your orc wizard zombie hits the orc priest.
The orc priest hits something with a +0 flail.
The orc priest invokes the aid of Beogh against you.
Beogh smites you!
You die...
Your body rises from the dead as a mindless zombie.

############.## #.......).....#
...# #...<.........# ~~.#
##............# ###~.#
#............# ..#~.#
#............## ..~.#
#.............## . #~.##
##..<..........# .. ~#####~..#
#..p..........####.. ~~~~~~~..##
#...................
.........)###...................
.........Z)oZZ..............# ..
.........)o###...........#..##..
...........# ##.........###.....
...........# #.........###..###
............# ##........##..##
............# ##.......##..# #


You could see 2 orc priests, a friendly orc zombie and a friendly orc wizard
zombie.

Vanquished Creatures
  Pikel (D:7)
  A manticore (D:6)
  A gargoyle (D:6)
  A wraith (D:6)
  4 yaks (D:8)
  A water moccasin (D:7)
  3 sky beasts
  2 ice beasts
  An orc warrior (D:8)
  2 wolves (D:8)
  3 ogres
  A phantom (D:6)
  2 lemures (D:7)
  A kobold brigand (D:7)
  2 killer bees
  3 bombardier beetles
  2 hounds
  A jelly (D:7)
  3 orc priests
  A sleepcap (D:6)
  5 orc wizards
  2 iguanas
  4 gnolls
  6 adders
  2 white imps
  A dart slug (D:2)
  2 ribbon worms
  19 orcs
  2 bats (D:3)
  8 endoplasms
  3 giant cockroaches
  6 goblins
  8 hobgoblins
  7 quokkas
  4 ball pythons
  A frilled lizard (D:2)
  9 kobolds
  2 rats (D:1)
127 creatures vanquished.

Vanquished Creatures (collateral kills)
  A water moccasin (D:5)
  A bullfrog (D:7)
  A scorpion (D:5)
  A killer bee (D:4)
  An orc priest (D:5)
  A sleepcap (D:5)
  An iguana (D:6)
  A gnoll (D:6)
  An adder (D:5)
  A white imp (D:6)
  3 orcs
  2 goblins (D:8)
  5 kobolds (D:7)
20 creatures vanquished.

Vanquished Creatures (others)
  A manticore zombie (D:6)
  A water moccasin zombie (D:7)
  3 yak zombies (D:8)
  A bullfrog zombie (D:7)
  A killer bee zombie (D:5)
  An ice beast zombie (D:7)
  A hound zombie (D:7)
  2 adder zombies
  2 iguana zombies (D:6)
  A jelly zombie (D:7)
  2 spectral white imps
  A bombardier beetle zombie (D:4)
  An endoplasm zombie (D:4)
  A goblin zombie (D:8)
  4 kobold zombies (D:7)
  13 orc zombies
36 creatures vanquished.

Grand Total: 183 creatures vanquished

Notes
Turn   | Place    | Note
-------+----------+-------------------------------------------
     0 | D:1      | cdecastro the Draconian Shapeshifter began the quest for
                  | the Orb.
     0 | D:1      | Reached XP level 1. HP: 16/16 MP: 1/1
   126 | D:1      | Reached XP level 2. HP: 21/23 MP: 2/2
  1061 | D:2      | Reached XP level 3. HP: 25/28 MP: 3/3
  1106 | D:2      | Reached skill level 4 in Unarmed Combat
  1379 | D:3      | Found a large runed translucent door.
  1382 | D:3      | Found a large runed translucent door.
  1385 | D:3      | Noticed hawla's ghost (amateur MiFi)
  1704 | D:3      | Reached XP level 4. HP: 35/35 MP: 4/4
  1804 | D:3      | Found a white marble altar of Elyvilon.
  1883 | D:3      | Became a worshipper of Elyvilon the Healer
  1987 | D:3      | Found a faded altar of an unknown god.
  2014 | D:3      | Prayed at the altar of an unknown god.
  2014 | D:3      | Fell from the grace of Elyvilon
  2014 | D:3      | Became a worshipper of Yredelemnul the Dark
  2014 | D:3      | Reached * piety under Yredelemnul
  2075 | D:3      | Found a shadowy altar of Dithmenos.
  2075 | D:3      | Found a bloodstained altar of Trog.
  2102 | D:3      | Found a runed translucent door.
  2103 | D:3      | Noticed Crazy Yiuf
  2491 | D:4      | Noticed an ogre
  2512 | D:4      | Found a staircase to the Ecumenical Temple.
  2606 | Temple   | Entered the Ecumenical Temple
  2790 | D:4      | Found a stormy altar of Qazlal.
  2971 | D:4      | Reached skill level 5 in Unarmed Combat
  2971 | D:4      | Reached XP level 5. HP: 7/40 MP: 5/5
  3166 | D:4      | Noticed an ogre
  3186 | D:4      | Killed an ogre
  3187 | D:4      | Was forgiven by Elyvilon
  3390 | D:4      | Found an iron altar of Okawaru.
  3410 | D:4      | Reached XP level 6. HP: 47/47 MP: 6/6
  3548 | D:5      | Entered Level 5 of the Dungeon
  3549 | D:5      | Noticed Edmund
  3574 | D:4      | Reached skill level 6 in Unarmed Combat
  3991 | D:5      | Your scales start taking on a glossy black colour.
  3991 | D:5      | Reached XP level 7. HP: 41/52 MP: 7/7
  3991 | D:5      | Gained mutation: You are resistant to electric shocks.
                  | (rElec) [Black Draconian growth]
  3992 | D:5      | Reached skill level 5 in Shapeshifting
  4070 | D:5      | Reached skill level 7 in Unarmed Combat
  4193 | D:5      | Found a runed translucent gate.
  4419 | D:5      | Found a runed translucent gate.
  4419 | D:5      | Found a runed translucent gate.
  4420 | D:5      | Noticed misterblockey's ghost (novice DjCj)
  4558 | D:5      | Found Hur Irha's Armour Shop.
  5072 | D:6      | Found a basalt altar of Yredelemnul.
  5190 | D:6      | Found a burning altar of Makhleb.
  5216 | D:6      | Reached skill level 8 in Unarmed Combat
  5314 | D:6      | Noticed a gargoyle
  5314 | D:6      | Noticed a manticore
  5329 | D:6      | Killed a manticore
  5330 | D:6      | Reached XP level 8. HP: 10/59 MP: 8/8
  5335 | D:6      | Killed a gargoyle
  5336 | D:6      | Reached skill level 9 in Unarmed Combat
  5635 | D:6      | Reached skill level 10 in Unarmed Combat
  5635 | D:6      | Reached XP level 9. HP: 64/64 MP: 9/9
  6047 | D:7      | Reached ** piety under Yredelemnul
  6075 | D:7      | Reached *** piety under Yredelemnul
  6354 | D:7      | Noticed Pikel
  6369 | D:7      | Reached **** piety under Yredelemnul
  6595 | D:7      | Identified the +1 robe of the Wary Ghosts {rC+ Stlth+}
  6733 | D:7      | Reached skill level 11 in Unarmed Combat
  6795 | D:7      | Killed Pikel
  6995 | D:8      | Reached skill level 12 in Unarmed Combat
  7027 | D:8      | Reached XP level 10. HP: 49/73 MP: 10/10
  7058 | D:8      | HP: 2/75 [orc priest/divine providence (11)]
  7060 | D:8      | Killed from afar by an orc priest

Illustrated notes

Levels and vault maps discovered:
D:1:      psy_arrival_terrarium, layout_loops_ring, nicolae_eternal_life
D:2:      layout_basic
D:3:      layout_loops_ring, elyvilon_altar_1,
          gammafunk_temple_overflow_elements, basic_ecumenical_altar,
          ebering_ghost_disaster_area, nicolae_hexahallways,
          uniq_crazy_yiuf_cottage
D:4:      layout_basic, okawaru_altar_gauntlet_db, mainiacjoe_overflow_alcove_4,
          temple_pool_b, serial_corexii_hall, corexii_hall_statues_i,
          chequers_hall_statues_y
D:5:      layout_cave_pools, serial_shops, kennysheep_mini_moat,
          gammafunk_ghost_necromancy, minivault_5, uniq_edmund
D:6:      layout_loops_ring, nicolae_overflow_crystal_walls,
          mainiacjoe_overflow_paths, minmay_manual_mail
D:7:      layout_loops_cross, uniq_pikel
D:8:      layout_cave_pods, erik_lair_orcish_takeover, enter_bailey_3,
          uniq_gastronok
Temple:   nicolae_temple_hex_pool

Skill      XL: |  1  2  3  4  5  6  7  8  9 |
---------------+----------------------------+-----
Unarmed Combat | 4 5 6 8 10 12 | 12.0
Shapeshifting  | 4 6 8 |  8.4
Fighting       | 2 |  2.8
Dodging        | |  1.7

Action                     |  1- 3 |  4- 6 |  7- 9 | 10-12 || total
---------------------------+-------+-------+-------+-------++-------
  Melee: Unarmed           |    97 |   105 |   193 |    27 ||   422
         Tailslap          |     9 |    17 |    28 |     6 ||    60
         Punch             |     1 |     1 |     8 |       ||    10
Ability: Breathe Lightning |       |       |     1 |       ||     1
  Evoke: Wand              |       |     1 |       |       ||     1
    Use: Scroll            |       |     4 |     3 |       ||     7
         Potion            |       |     2 |     2 |       ||     4
 Armour: Skin              |    46 |    64 |   116 |    10 ||   236
  Dodge: Dodged            |    60 |    66 |   115 |     9 ||   250
   Form: Flux              |       |       |     1 |       ||     1
